 Dungeon Crawl Stone Soup version 0.27.1-3-gb3d3a73c9e (webtiles) character file.

Game seed: 13795750572222341963

377 raph the Magician (level 7, -13/50 HPs)
             Began as a Djinni Fire Elementalist on Oct 10, 2021.
             Mangled by a crimson imp (18 damage)
             ... on level 4 of the Dungeon.
             The game lasted 00:09:49 (5767 turns).

raph the Magician (Djinni Fire Elementalist)        Turns: 5767, Time: 00:09:50

Health: -13/50     AC:  3    Str:  7    XL:     7   Next: 4%
Gold:   151        EV: 13    Int: 19    God:
                   SH:  0    Dex: 13

rFire    + + .     SeeInvis .   i - +0 short sword
rCold    x . .     Faith    .   (no shield)
rNeg     . . .     Spirit   .   a - +0 robe
rPois    ∞         Reflect  .   (no helmet)
rElec    .         Harm     .   c - +0 cloak
rCorr    .         Rampage  .   (no gloves)
Will     .....                  (boots unavailable)
Stlth    ++........             (no amulet)
HPRegen  0.16/turn              (no ring)
MPRegen  0.00/turn              (no ring)

@: about to teleport, wereblooded, flying
A: sickness immunity, fire resistance 2, cold vulnerability 1, float, innate
caster, hp casting, extra vitality 1
a: no special abilities


You were on level 4 of the Dungeon.
You visited 1 branch of the dungeon, and saw 4 of its levels.

You collected 221 gold pieces.
You spent 70 gold pieces at shops.

Inventory:

Hand Weapons
 i - a +0 short sword (weapon)
Missiles
 k - a throwing net
Armour
 a - a +0 robe (worn)
 c - a +0 cloak (worn)
Scrolls
 b - a scroll of vulnerability {unknown}
 d - a scroll of fog {unknown}
 j - a scroll of teleportation
 n - a scroll of magic mapping {unknown}
Potions
 e - a potion of haste
 f - a potion of lignification
 g - a potion of might
 h - 2 potions of heal wounds {unknown}
 l - a potion of flight {unknown}
 m - a potion of degeneration {unknown}


   Skills:
 + Level 3.0 Fighting
 + Level 4.1 Dodging
 - Level 1.5 Stealth
 * Level 4.3 Spellcasting


You couldn't memorise any spells.
You knew the following spells:

 Your Spells              Type           Power      Damage    Failure   Level
a - Foxfire               Conj/Fire      80%        2x1d8     2%          1
b - Conjure Flame         Conj/Fire      20%        6-21      7%          3
c - Inner Flame           Hex/Fire       20%        N/A       7%          3
d - Sticky Flame          Conj/Fire      20%        2d4       22%         4
e - Fireball              Conj/Fire      10%        3d6       52%         5
f - Freeze                Ice            80%        1d9       2%          1
g - Slow                  Hex            20%        N/A       3%          2
h - Wereblood             Tmut           20%        N/A       3%          2
Your spell library was empty.

Dungeon Overview and Level Annotations

Branches:
Dungeon (4/15)
 Temple: D:4-7

Altars:
Dithmenos
Uskayaw
Xom

Shops:
D:2 *   D:3 :

Annotations:
D:3 2 transporters, sebovzeoueb's ghost, weakling GrFi


Innate Abilities, Weirdness & Mutations

You are immune to sickness and miasma.
You are immune to poison.
Your flesh is very heat resistant. (rF++)
You are vulnerable to cold. (rC-)
You float through the air rather than walking.
You learn spells naturally, not from books.
Your magical power is your life essence.
You have superior vitality. (+4 HP)


Message History

The crimson imp barely misses you.
You closely miss the crimson imp. The crimson imp misses you.
You closely miss the crimson imp.
The crimson imp blinks!
You hit the crimson imp but do no damage.
The crimson imp blinks!
The crimson imp hits you but does no damage.
You hit the crimson imp.
The crimson imp is lightly wounded.
The crimson imp hits you with a +1 dagger of chaos.
You are electrocuted!!
* * * LOW HITPOINT WARNING * * *
The crimson imp closely misses you.
You are too injured to fight recklessly!
You are too injured to fight recklessly!
You are too injured to fight recklessly!
You are too injured to fight recklessly!
You are too injured to fight recklessly!
You are too injured to fight recklessly!
You are too injured to fight recklessly!
Casting: Wereblood (safe; 3% risk of failure)
Confirm with . or Enter, or press ? or * to list all spells.
Aiming: Freeze (safe; 2% risk of failure)
Press: ? - help, Shift-Dir - straight line, f - crimson imp
Aim: a crimson imp You freeze the crimson imp.
The crimson imp is frozen!
The crimson imp is heavily wounded.
* * * LOW HITPOINT WARNING * * *
The crimson imp grins evilly.
The crimson imp misses you.
The crimson imp hits you but does no damage.
The crimson imp hits you with a +1 dagger of chaos.
* * * LOW HITPOINT WARNING * * *
The crimson imp freezes you.
* * * LOW HITPOINT WARNING * * *
As you read the scroll of teleportation, it crumbles to dust.
You feel strangely unstable.
The crimson imp hits you with a +1 dagger of chaos.
* * * LOW HITPOINT WARNING * * *
You are electrocuted!!
You die...

#§#..................##.###.#.#
#^#....5.............^......#.#
..#...†....###..........#####.#
_.'.....5..#.....(........# #.#
..###.###..#.##.####.##.#.# #.#
#5#...5....#.##.#.....#.#.# #.#
#.###.####§#.##.:...#...#.# #.#
### #.####.#)####5#.#.#.#.# #.#
#.# #..........5@....<#.#.# #.#
#.# ########.###5#......#.# #.#
#.# #.# #......#.#.###.# #.#
#.# #....#.#.......#
#.#################.#####.#####
#.†.................# #.#
..#################.# #.# #.#
### #.# #.# #.#


You could see 3 crimson imps.

Vanquished Creatures
  A scorpion (D:4)
  A howler monkey (D:4)
  A crimson imp (D:4)
  A centaur zombie (D:4)
  Jessica (D:3)
  An iguana (D:4)
  7 adders
  3 gnolls (D:3)
  An adder skeleton (D:4)
  3 worms
  2 orcs (D:2)
  7 ball pythons
  4 endoplasms
  A giant cockroach (D:4)
  3 goblins
  7 hobgoblins
  8 kobolds
  4 quokkas
  8 bats
  4 frilled lizards
  4 rats
72 creatures vanquished.

Vanquished Creatures (others)
  197 foxfires
197 creatures vanquished.

Grand Total: 269 creatures vanquished

Notes
Turn   | Place    | Note
-------+----------+-------------------------------------------
     0 | D:1      | raph the Djinni Fire Elementalist began the quest for the
                  | Orb.
     0 | D:1      | Reached XP level 1. HP: 15/15 MP: 0/0
   602 | D:1      | Reached XP level 2. HP: 4/22 MP: 0/0
  1502 | D:2      | Reached skill level 1 in Fighting
  1502 | D:2      | Reached XP level 3. HP: 21/27 MP: 0/0
  1502 | D:2      | Learned a level 1 spell: Freeze
  1622 | D:2      | Found Jiudeple's General Store.
  1638 | D:2      | Bought a scroll of teleportation for 42 gold pieces
  2128 | D:2      | Reached XP level 4. HP: 29/32 MP: 0/0
  2307 | D:2      | Bought a scroll of identify for 28 gold pieces
  3646 | D:2      | Found a faded altar of an unknown god.
  3809 | D:3      | Found a hide-covered altar of Uskayaw.
  3941 | D:3      | Found a transporter.
  3949 | D:3      | Reached XP level 5. HP: 35/38 MP: 0/0
  3949 | D:3      | Learned a level 2 spell: Slow
  4484 | D:3      | Found Qutaek's Book Boutique.
  4584 | D:3      | Noticed Jessica
  4588 | D:3      | Killed Jessica
  4804 | D:3      | Found a transporter.
  4832 | D:3      | Noticed sebovzeoueb's ghost (weakling GrFi)
  5002 | D:4      | Reached XP level 6. HP: 40/45 MP: 0/0
  5191 | D:4      | Found a shadowy altar of Dithmenos.
  5729 | D:4      | Found a shimmering altar of Xom.
  5757 | D:4      | Reached XP level 7. HP: 34/50 MP: 0/0
  5757 | D:4      | Learned a level 2 spell: Wereblood
  5767 | D:4      | Mangled by a crimson imp

Illustrated notes

Levels and vault maps discovered:
D:1:      evilmike_arrival_home_sweet_home, layout_basic
D:2:      layout_basic, hellmonk_ecumenical_altar_leap_of_faith, serial_shops,
          shop
D:3:      layout_basic, nicolae_uskayaw_dance_hall, serial_shops,
          nicolae_shop_trees, gammafunk_ghost_stat_death, uniq_jessica
D:4:      layout_basic, grunt_temple_overflow_order_and_chaos_2, led_xom_imps,
          grunt_temple_overflow_diamond, nicolae_overflow_crystal_walls

Skill      XL: |  1  2  3  4  5  6 |
---------------+-------------------+-----
Fighting       | 1 2 3 |  3.0
Spellcasting   | 3 4 |  4.3
Dodging        | 3 4 |  4.1
Stealth        | |  1.5

Action                   |  1- 3 |  4- 6 |  7- 9 || total
-------------------------+-------+-------+-------++-------
Melee: Unarmed           |    13 |       |       ||    13
       Short sword       |     2 |    44 |     4 ||    50
 Cast: Foxfire           |    54 |    63 |       ||   117
       Freeze            |       |    23 |     1 ||    24
       Conjure Flame     |       |     2 |       ||     2
       Sticky Flame      |       |     2 |       ||     2
       Wereblood         |       |       |     1 ||     1
  Use: Scroll            |       |     3 |     1 ||     4
 Stab: Sleeping          |       |     3 |       ||     3
Armor: Robe              |     5 |    15 |     2 ||    22
Dodge: Dodged            |    17 |    44 |     4 ||    65
